Map: 大气2000-天梯版

Players

夜蝶蝶蝶蝶蝶蝶蝶 (Firefly)

  • Race: Protoss Protoss

TIME (Oliveira) - Winner!

  • Race: Terran Terran

Event: DreamHack SC2 Masters 2021 Summer

VOD

Have the link to the VOD?

Description

Time

  • Played on: May 26, 2021, 8:12 a.m.
  • Length: 10:55

All games in this series

Show
View Real Time Build Order
Export as new Build Order

夜蝶蝶蝶蝶蝶蝶蝶 Protoss 

Build Orders: 1 Gate Expand 

Get SALT Encoding   

  12  0:00  Probe  
  13  0:12  Probe  
  14  0:17  Pylon  
  14  0:24  Probe (Chrono Boost)  
  15  0:36  Probe (Chrono Boost)  
  15  0:37  Gateway  
  15  0:40  Gateway  
  16  0:44  Probe (Chrono Boost)  
  16  0:49  Assimilator  
  17  0:51  Probe  
  18  1:03  Probe  
  19  1:15  Probe  
  20  1:27  Nexus  
  20  1:35  Cybernetics Core  
  20  1:37  Probe  
  21  1:42  Assimilator  
  21  1:49  Probe  
  21  1:53  Pylon  
  22  2:01  Probe  
  22  2:05  Pylon  
  23  2:08  Adept (Chrono Boost)  
  23  2:13  Probe  
  26  2:25  Probe  
  26  2:26  Stargate  
  26  2:32  Adept  
  28  2:38  Warp Gate  
  28  2:41  Probe (Chrono Boost)  
  28  2:43  Probe (Chrono Boost)  
  32  2:52  Probe x2 (Chrono Boost)  
  32  2:56  Probe (Chrono Boost)  
  32  2:57  Probe (Chrono Boost)  
  33  3:04  Void Ray  
  36  3:07  Probe  
  36  3:09  Probe  
  40  3:13  Adept  
  40  3:19  Probe  
  43  3:21  Probe  
  44  3:31  Probe  
  44  3:33  Probe  
  46  3:38  Pylon  
  46  3:41  Void Ray (Chrono Boost)  
  46  3:43  Probe  
  46  3:45  Probe  
  52  3:55  Probe, Gateway  
  53  3:57  Gateway  
  53  3:58  Probe  
  54  4:05  Assimilator  
  54  4:06  Twilight Council  
  54  4:07  Probe  
  55  4:10  Probe  
  55  4:12  Assimilator  
  45  4:28  Probe x2, Void Ray (Chrono Boost)  
  46  4:34  Pylon, Adept  
  52  4:40  Probe x2  
  54  4:47  Resonating Glaives (Chrono Boost)  
  54  4:54  Probe  
  54  4:57  Probe  
  56  5:06  Probe  
  57  5:12  Void Ray (Chrono Boost)  
  57  5:17  Probe  
  62  5:22  Gateway  
  62  5:24  Gateway  
  62  5:29  Gateway  
  60  5:37  Void Ray (Chrono Boost)  
  58  5:44  Adept x3  
  58  5:47  Gateway  
  68  5:51  Pylon  
  68  5:55  Pylon  
  68  5:56  Probe x2  
  66  6:08  Adept x2  
  66  6:09  Adept  
  72  6:13  Pylon  
  72  6:20  Adept x2  
  72  6:24  Adept  
  78  6:41  Adept x5  
  88  7:04  Adept x3  
  88  7:07  Pylon  
  94  7:22  Adept x4  
  76  7:32  Adept x3  
  76  7:35  Void Ray (Chrono Boost)  
  74  7:42  Adept x4  
  66  8:06  Adept x7  
  74  8:15  Dark Shrine  
  74  8:17  Probe  
  74  8:18  Probe  
  66  8:27  Nexus  
  64  8:34  Adept  
  64  8:35  Adept x3  
  68  8:44  Adept x3  
  73  8:48  Probe  
  61  9:00  Probe  
  62  9:04  Forge  
  62  9:05  Pylon  
  62  9:08  Probe  
  63  9:12  Assimilator  
  63  9:13  Probe  
  64  9:31  Probe x2  
  66  9:43  Probe  
  66  9:45  Probe  
  68  9:50  Probe  
  68  9:52  Dark Templar  
  71  9:58  Zealot x6  
  83  10:02  Pylon  
  83  10:05  Probe  
  84  10:20  Nexus  
  84  10:21  Stalker x3  
  90  10:24  Dark Templar  
  92  10:30  Stalker  
Show
View Real Time Build Order
Export as new Build Order

TIME Terran - Winner!

Build Orders:  

Get SALT Encoding   

  12  0:00  SCV  
  13  0:12  SCV  
  14  0:17  Supply Depot  
  14  0:24  SCV  
  15  0:39  SCV  
  15  0:40  Barracks  
  16  0:44  Refinery  
  16  0:51  SCV  
  17  1:03  SCV  
  18  1:16  SCV  
  19  1:27  Marine  
  19  1:28  Orbital Command  
  20  1:39  Command Center  
  20  1:51  Factory  
  20  1:55  SCV  
  21  2:04  Barracks Reactor  
  21  2:07  SCV  
  22  2:13  Bunker  
  22  2:15  Supply Depot  
  22  2:19  SCV  
  23  2:36  SCV  
  24  2:40  Starport  
  24  2:44  Hellion x2  
  24  2:46  Marine  
  24  2:48  SCV  
  30  2:55  Orbital Command  
  30  3:00  SCV  
  31  3:08  Hellion x2  
  31  3:09  Marine  
  36  3:14  SCV  
  36  3:16  Medivac  
  39  3:21  Supply Depot  
  39  3:23  SCV  
  40  3:28  SCV  
  41  3:35  Refinery  
  41  3:36  SCV, Marine x2  
  41  3:37  Factory Tech Lab  
  41  3:40  SCV  
  45  3:44  Supply Depot  
  45  3:50  SCV  
  45  3:53  SCV  
  47  3:55  Barracks  
  47  3:58  Marine x2  
  47  4:01  Starport Tech Lab  
  49  4:03  Barracks  
  49  4:07  SCV  
  49  4:08  Cyclone  
  49  4:09  SCV  
  54  4:16  Marine  
  53  4:19  SCV  
  53  4:21  SCV  
  49  4:24  Marine  
  49  4:29  Viking  
  50  4:31  SCV  
  50  4:33  SCV, Bunker  
  50  4:35  Marine  
  50  4:36  Engineering Bay  
  53  4:42  Refinery  
  53  4:43  Siege Tank  
  53  4:44  Supply Depot  
  56  4:47  Marine  
  56  4:50  SCV x2  
  56  4:52  Marine  
  60  4:53  Marine  
  60  4:55  Supply Depot  
  61  5:04  SCV  
  61  5:06  Missile Turret  
  59  5:08  Marine  
  59  5:09  Stimpack  
  59  5:12  Marine  
  56  5:14  Marine  
  56  5:16  Marine  
  52  5:22  Siege Tank  
  52  5:26  SCV x2, Marine  
  55  5:29  Marine  
  55  5:33  Marine  
  54  5:35  Marine  
  54  5:38  SCV x2  
  54  5:40  Missile Turret  
  54  5:42  Starport Reactor  
  57  5:44  Refinery, Marine  
  57  5:47  Marine  
  58  5:50  SCV, Marine  
  58  5:51  SCV, Terran Infantry Weapons Level 1  
  58  5:56  Marine, Supply Depot  
  62  6:02  SCV  
  62  6:03  SCV  
  64  6:09  Marine  
  64  6:10  Marine, Supply Depot  
  64  6:11  Supply Depot  
  66  6:13  Combat Shield  
  66  6:14  Marine x2, Factory Reactor, SCV  
  66  6:15  SCV  
  70  6:19  Missile Turret  
  70  6:26  SCV  
  70  6:27  SCV, Marine  
  70  6:30  Medivac x2  
  70  6:31  Marine  
  77  6:33  Marine  
  77  6:35  Marine  
  77  6:39  SCV  
  79  6:42  Supply Depot  
  79  6:43  SCV  
  79  6:45  Marine  
  81  6:49  Marine  
  81  6:51  SCV, Marine  
  81  6:52  Widow Mine x2  
  81  6:53  Marine  
  87  6:55  SCV  
  86  7:03  Marine  
  86  7:05  Medivac x2  
  86  7:07  Marine  
  92  7:09  Marine  
  92  7:12  Marauder  
  92  7:13  Widow Mine  
  97  7:21  Marine  
  77  7:24  Marine  
  77  7:27  Marauder  
  70  7:32  Marine  
  68  7:38  Widow Mine x2, Medivac  
  68  7:39  Marine  
  68  7:41  Medivac  
  68  7:42  Marine  
  68  7:43  SCV  
  78  7:46  Supply Depot  
  78  7:47  Terran Infantry Armor Level 1  
  78  7:49  Marauder  
  78  7:50  Marine  
  81  7:56  Marine  
  82  8:00  Marine  
  82  8:03  Widow Mine  
  79  8:09  Marauder  
  79  8:10  Marine  
  84  8:13  Widow Mine  
  84  8:14  Marine  
  84  8:18  Marine  
  84  8:19  Command Center, Supply Depot  
  78  8:28  Widow Mine, Marauder  
  78  8:29  Marine  
  81  8:35  Marine  
  81  8:36  Concussive Shells  
  81  8:40  Marine  
  75  8:44  SCV  
  75  8:48  Marauder  
  68  8:49  Marauder  
  68  8:50  Medivac x2  
  68  8:53  Marine  
  68  8:54  SCV  
  72  8:56  SCV  
  72  8:58  Marine  
  74  9:09  Marine  
  75  9:10  Marine  
  75  9:11  Marauder  
  75  9:13  SCV  
  75  9:16  Marine, Supply Depot  
  80  9:17  Widow Mine  
  80  9:19  Widow Mine  
  80  9:23  SCV  
  85  9:25  SCV  
  85  9:26  Marine  
  85  9:28  Marine  
  88  9:32  Marauder  
  88  9:34  Liberator x2, Marine  
  97  9:44  Marine  
  98  9:46  Widow Mine x2  
  98  9:47  SCV  
  98  9:50  SCV  
  104  9:53  Marauder  
  104  9:56  Orbital Command  
  104  9:57  Marine  
  104  9:58  Marine  
  108  10:00  SCV  
  109  10:08  Marine  
  109  10:10  Widow Mine  
  110  10:15  Marauder, Marine  
  110  10:19  Marine  
  109  10:22  SCV x2  
  109  10:23  SCV  
  109  10:25  Missile Turret  
  109  10:26  Marine  
  110  10:33  Marine  
  110  10:35  SCV  
  108  10:37  Marine, Missile Turret  
Tags
 
Add a new tag
Caveats
  • Supply blocks, unpowered buildings, or Contaminate may cause inaccurate times.
  • Supply counts are checked every 10 seconds.